 Dungeon Crawl Stone Soup version 0.31-a0-819-gf6de2f5ab6 (webtiles) character file.

Game seed: 9695890763396697514

105 omnomnOMINOUS the Cudgeller (level 4, 0/29 HPs)
             Began as an Octopode Wanderer on Sept 23, 2023.
             Was a Follower of Okawaru.
             Succumbed to an adder's poison
             ... on level 3 of the Dungeon.
             The game lasted 00:03:50 (2380 turns).

omnomnOMINOUS the Cudgeller (Octopode Wanderer)     Turns: 2380, Time: 00:03:51

Health: 0/29       AC:  1    Str: 10    XL:     4   Next: 83%
Magic:  4/6        EV: 16    Int: 13    God:    Okawaru [*.....]
Gold:   159        SH:  0    Dex: 15    Spells: 6/6 levels left

rFire   + . .        a - +3 mace
rCold   + . .        (no shield)
rNeg    . . .        s - +0 hat
rPois   +            (no amulet)
rElec   +            (no ring)
rCorr   +            (no ring)
SInv    .            (no ring)
Will    .....        (no ring)
Stlth   +++++        (no ring)
HPRegen 0.24/turn    (no ring)
MPRegen 0.10/turn    (no ring)
                     (no ring)

%: no passive effects
@: mighty, lethally poisoned (0 -> -2), resistant, heroic
A: almost no armour, amphibious, 8 rings, camouflage 1, gelatinous body 1,
(nimble swimmer 1), tentacles, tentacle spike 1, no potion heal 1
a: Renounce Religion, Heroism


You were on level 3 of the Dungeon.
You worshipped Okawaru.
Okawaru was aware of your devotion.
You visited 1 branch of the dungeon, and saw 3 of its levels.

You collected 159 gold pieces.

Inventory:

Hand Weapons
 a - a +3 mace (weapon)
 b - a +0 dagger of venom
 t - a +0 quarterstaff
Armour
 c - a +0 hat
 s - a +0 hat (worn)
Magical Staves
 l - a staff of fire
Jewellery
 h - an amulet of guardian spirit
 r - a ring of ice
Scrolls
 d - 2 scrolls of vulnerability
 e - 3 scrolls of identify {unknown}
 f - a scroll of poison {unknown}
 g - 2 scrolls of immolation {unknown}
 i - 2 scrolls of fear {unknown}
 j - a scroll of amnesia {unknown}
 k - a scroll of revelation {unknown}
 m - a scroll of fog {unknown}
Potions
 p - a potion of attraction {unknown}


   Skills:
 + Level 1.7(6.7) Fighting
 + Level 4.4(9.6) Maces & Flails
 - Level 2.0(8.4) Staves
 + Level 2.0(7.0) Dodging
 - Level 4.0(9.0) Stealth
 + Level 1.5 Spellcasting
 + Level 1.9 Invocations


You had 6 spell levels left.
You didn't know any spells.
Your spell library was empty.

Dungeon Overview and Level Annotations

Branches:
Dungeon (3/15)

Altars:
Okawaru


Innate Abilities, Weirdness & Mutations

You cannot wear most types of armour.
You are amphibious.
You can wear up to eight rings at the same time.
Your skin changes colour to match your surroundings (Stealth+).
Your rubbery body absorbs attacks. (AC +1, EV +1)
((You are camouflaged when in or above water. (Stealth+)))
You have tentacles for arms and can constrict up to eight enemies at once.
One of your tentacles bears a spike.
Potions are less effective at restoring your health.


Message History

You feel very mighty all of a sudden.
You constrict the adder.
* * * LOW HITPOINT WARNING * * *
You feel sick. The adder barely misses you. The jackal closely misses you.
The jackal barely misses you. The rat bites you.
* * * LOW HITPOINT WARNING * * *
Okay, then.
Unknown command.
You gain the combat prowess of a mighty hero.
You constrict the adder.
You kill the adder!
Okawaru accepts your kill.
* * * LOW HITPOINT WARNING * * *
You feel sick. The jackal misses you. The jackal barely misses you.
The rat bites you.
* * * LOW HITPOINT WARNING * * *
The jackal closely misses you.
The jackal bites you but does no damage.
Your base Dodging skill increases to level 2!
You sock the jackal!
You kill the jackal!
Okawaru accepts your kill.
* * * LOW HITPOINT WARNING * * *
You feel sick. The rat closely misses you. The jackal closely misses you.
Unknown command.
You sock the jackal!
You kill the jackal!
Okawaru accepts your kill.
* * * LOW HITPOINT WARNING * * *
You feel sick. The rat barely misses you.
Unknown command.
You bludgeon the rat!!
You kill the rat!
Okawaru accepts your kill.
* * * LOW HITPOINT WARNING * * *
You feel sick.
Unknown command.
It was a potion of resistance.
You feel protected.
You die...

#.......# #.......
#......# #......#
#......# .. #..?...#
.r. #...††.##....
#...@...r##.#
#####.......#
#....###..##
####.#.........
#....#.........
#>####......... #.#
#...>.(... .# #.#
#......... .##
#######.####.........


You could see a quokka.

Vanquished Creatures
  2 adders
  A worm (D:3)
  2 dart slugs
  6 orcs (D:3)
  An endoplasm (D:1)
  3 giant cockroaches
  8 goblins
  A hobgoblin (D:1)
  13 jackals
  8 kobolds
  5 quokkas
  2 ball pythons
  9 bats
  2 frilled lizards (D:1)
  4 rats
67 creatures vanquished.

Notes
Turn   | Place    | Note
-------+----------+-------------------------------------------
     0 | D:1      | omnomnOMINOUS the Octopode Wanderer began the quest for the
                  | Orb.
     0 | D:1      | omnomnOMINOUS set off with the following items: a +2 mace,
                  | a +0 quarterstaff, a +0 hat, a scroll of vulnerability.
     0 | D:1      | Reached XP level 1. HP: 11/11 MP: 1/1
    46 | D:1      | Found a faded altar of an unknown god.
    54 | D:1      | Prayed at the altar of an unknown god.
    54 | D:1      | Became a worshipper of Warmaster Okawaru
    54 | D:1      | Reached * piety under Okawaru
    83 | D:1      | Reached XP level 2. HP: 18/18 MP: 2/2
   709 | D:1      | Reached XP level 3. HP: 22/22 MP: 4/4
   724 | D:1      | Reached skill level 1 in Fighting
   730 | D:1      | Reached skill level 1 in Invocations
   831 | D:1      | Reached skill level 1 in Spellcasting
  1358 | D:2      | Reached XP level 4. HP: 28/28 MP: 5/5
  2113 | D:3      | Gained mutation: One of your tentacles bears a spike.
                  | [potion of mutation]
  2113 | D:3      | Gained mutation: Potions are less effective at restoring
                  | your health. [potion of mutation]
  2378 | D:3      | HP: 1/29 [poisoned by an adder]
  2380 | D:3      | Succumbed to an adder's poison

Illustrated notes

Levels and vault maps discovered:
D:1:      shiori_shiawase, layout_basic, ebering_ecumenical_altar_box
D:2:      layout_loops_ring
D:3:      layout_rooms

Skill      XL: |  1  2  3  4 |
---------------+-------------+-----
Fighting       | 1 |  1.7
Invocations    | 1 |  1.9
Spellcasting   | 1 |  1.5
Dodging        | 2 |  2.0
Maces & Flails | |  4.4
Staves         | |  2.0
Stealth        | |  4.0

Action                     |  1- 3 |  4- 6 || total
---------------------------+-------+-------++-------
  Melee: Mace              |    62 |    52 ||   114
         Constrict         |    12 |     9 ||    21
         Tentacles         |     8 |     6 ||    14
         Punch             |     1 |     2 ||     3
         Kick              |       |     3 ||     3
 Invoke: Heroism           |       |     1 ||     1
    Use: Potion            |       |     5 ||     5
   Stab: Sleeping          |    15 |     4 ||    19
 Armour: Skin              |    31 |    43 ||    74
  Dodge: Dodged            |    35 |    72 ||   107

Table legend: (Time is in decaauts)
 A = Elapsed time spent in this place.
 B = Non-inter-level travel time spent in this place.
 C = Inter-level travel time spent in this place.
 D = Time resting spent in this place.
 E = Time spent auto-exploring this place.
 F = Levels seen in this place.
 G = Mean time per level.
                   A        B        C        D        E       F      G
               +--------+--------+--------+--------+--------+-----+--------+
         Total |   2398 |   2333 |     65 |    329 |   1594 |   3 |  799.3 |
       Dungeon |   2398 |   2333 |     65 |    329 |   1594 |   3 |  799.3 |
               +--------+--------+--------+--------+--------+-----+--------+

Top non-repeatable levels by time:
     D:1: 1131 daAuts
     D:2: 747 daAuts
     D:3: 520 daAuts
